[Event "RUS-chT Premier 2019"]
[Site "Sochi"]
[Date "2019.05.07"]
[Round "6.14"]
[White "Khanin, Semen"]
[Black "Paravyan, David"]
[Result "0-1"]
[ECO "B40"]
[WhiteElo "2524"]
[BlackElo "2610"]
[Annotator "ChessBase"]
[PlyCount "110"]
[EventDate "2019.05.01"]
[EventType "team-tourn"]
[EventCountry "RUS"]
[SourceTitle "playchess.com"]
[Source "ChessBase"]
[SourceQuality "1"]
[TimeControl "40/5400+30:1800+30"]

1. e4 c5 2. Nf3 e6 3. d4 cxd4 4. Nxd4 Be7 5. Nc3 d6 6. Be3 Nf6 7. f3 h5 8. Qd2 a6 9. O-O-O b5 10. Kb1 Bb7 11. Bd3 Nbd7 12. a3 Rc8 13. Rhe1 Ne5 14. Bg5 O-O 15. h4 Qb6 16. Qe3 Rxc3 17. bxc3 Qa5 18. Nb3 Qxc3 19. f4 Nxd3 20. Qxd3 Qc7 21. Bxf6 Bxf6 22. Qxd6 Qc3 23. e5 Bxh4 24. Rh1 Be4 25. Na1 Qg3 26. Qb4 Bf5 27. Qc5 g6 28. Kb2 Qxf4 29. Rd4 Be7 30. Rxf4 Bxc5 31. Nb3 Be3 32. Rb4 Rd8 33. Re1 Bd2 34. Nxd2 Rxd2 35. g3 Rxc2+ 36. Kb3 Rh2 37. Re3 g5 38. Rd4 Kg7 39. Kb4 Rh3 40. Rc3 h4 41. gxh4 a5+ 42. Kb3 Rxh4 43. Rd8 b4 44. axb4 Rxb4+ 45. Ka3 Re4 46. Rc5 a4 47. Ra8 g4 48. Rxa4 Rxa4+ 49. Kxa4 Kh6 50. Kb4 g3 51. Rc1 Kg5 52. Kc5 Kf4 53. Kd6 g2 54. Ke7 Kg3 55. Kxf7 Kf2 0-1

[Event "RUS-chT Premier 2019"]
[Site "Sochi"]
[Date "2019.05.07"]
[Round "6.15"]
[White "Esipenko, Andrey"]
[Black "Tsydypov, Zhamsaran"]
[Result "1-0"]
[ECO "A49"]
[WhiteElo "2620"]
[BlackElo "2546"]
[Annotator "ChessBase"]
[PlyCount "75"]
[EventDate "2019.05.01"]
[EventType "team-tourn"]
[EventCountry "RUS"]
[SourceTitle "playchess.com"]
[Source "ChessBase"]
[SourceQuality "1"]
[TimeControl "40/5400+30:1800+30"]

1. d4 Nf6 2. Nf3 g6 3. g3 Bg7 4. Bg2 d5 5. O-O O-O 6. c4 dxc4 7. Na3 Nc6 8. Nxc4 Be6 9. b3 Bd5 10. Bb2 Ne8 11. e3 Nd6 12. Qe2 a5 13. a4 Nb4 14. Rfd1 Qe8 15. Ne1 Nxc4 16. bxc4 Bxg2 17. Nxg2 e5 18. d5 b6 19. e4 Qd7 20. Ne1 f5 21. Nf3 fxe4 22. Ng5 Qf5 23. Nxe4 Qf3 24. Qxf3 Rxf3 25. d6 cxd6 26. Rxd6 Rb3 27. Bc1 Nc2 28. Ra2 Nd4 29. Rb2 Rxb2 30. Bxb2 Rc8 31. Rxb6 Rxc4 32. Rb8+ Bf8 33. Ba3 Nf3+ 34. Kf1 Nxh2+ 35. Kg2 Rxe4 36. Kxh2 Rxa4 37. Rxf8+ Kg7 38. Bd6 1-0

[Event "RUS-chT Premier 2019"]
[Site "Sochi"]
[Date "2019.05.07"]
[Round "6.16"]
[White "Bocharov, Dmitry"]
[Black "Yuffa, Daniil"]
[Result "1/2-1/2"]
[ECO "E68"]
[WhiteElo "2530"]
[BlackElo "2595"]
[Annotator "ChessBase"]
[PlyCount "109"]
[EventDate "2019.05.01"]
[EventType "team-tourn"]
[EventCountry "RUS"]
[SourceTitle "playchess.com"]
[Source "ChessBase"]
[SourceQuality "1"]
[TimeControl "40/5400+30:1800+30"]

1. d4 Nf6 2. c4 g6 3. Nf3 Bg7 4. g3 O-O 5. Bg2 d6 6. Nc3 Nbd7 7. O-O e5 8. e4 Re8 9. h3 exd4 10. Nxd4 Nc5 11. Re1 Bd7 12. Bf4 h6 13. Kh2 g5 14. Bc1 a5 15. f3 c6 16. Be3 a4 17. Rb1 Nh5 18. Qd2 Qe7 19. Rbd1 Rad8 20. Bf2 Be5 21. Nce2 Qf6 22. Be3 Qg7 23. b4 axb3 24. axb3 b5 25. cxb5 cxb5 26. b4 Na4 27. f4 Bf6 28. Bf3 g4 29. hxg4 Bxg4 30. Bxg4 Qxg4 31. Nf5 Bg7 32. Ned4 Rxe4 33. Bf2 Rde8 34. Nxd6 Nxf4 35. gxf4 Qh5+ 36. Kg2 Qg6+ 37. Kf3 Rxe1 38. Rxe1 Rxe1 39. Qxe1 Qxd6 40. Qe8+ Bf8 41. Nxb5 Qxb4 42. Bd4 Qb3+ 43. Kf2 Qd5 44. Qe5 Qxe5 45. fxe5 Bc5 46. Kf3 Kh7 47. Ke4 Kg6 48. Nc7 Bxd4 49. Kxd4 Kf5 50. Ne8 Nb6 51. Ng7+ Kg6 52. e6 Nc8 53. Nf5 fxe6 54. Nxh6 Kxh6 55. Ke5 1/2-1/2

[Event "RUS-chT Premier 2019"]
[Site "Sochi"]
[Date "2019.05.07"]
[Round "6.17"]
[White "Antipov, Mikhail Al."]
[Black "Kezin, Roman"]
[Result "1/2-1/2"]
[ECO "B47"]
[WhiteElo "2595"]
[BlackElo "2468"]
[Annotator "ChessBase"]
[PlyCount "85"]
[EventDate "2019.05.01"]
[EventType "team-tourn"]
[EventCountry "RUS"]
[SourceTitle "playchess.com"]
[Source "ChessBase"]
[SourceQuality "1"]
[TimeControl "40/5400+30:1800+30"]

1. e4 c5 2. Nf3 e6 3. d4 cxd4 4. Nxd4 Nc6 5. Nc3 Qc7 6. Ncb5 Qb8 7. Bd3 Nge7 8. Be3 a6 9. Nxc6 bxc6 10. Nc3 Ng6 11. O-O Bd6 12. g3 Qc7 13. f4 c5 14. e5 Be7 15. h4 h5 16. Be4 Rb8 17. Qf3 d5 18. exd6 Bxd6 19. Rad1 f5 20. Bc6+ Kf7 21. Rd2 Ne7 22. Rfd1 Nxc6 23. Rxd6 Nd4 24. Bxd4 cxd4 25. R1xd4 Rxb2 26. Qd3 Kg6 27. Rc4 Qa7+ 28. Kf1 Qb7 29. Rcc6 Rd8 30. Nd5 Rxd6 31. Rxd6 Kh7 32. Qe2 Rb1+ 33. Kf2 Qf7 34. Nb6 Rh1 35. Qc4 Qg6 36. Qd3 Bb7 37. Nd7 Qg4 38. Nf8+ Kg8 39. Nxe6 Rh2+ 40. Ke1 Rh1+ 41. Kf2 Rh2+ 42. Ke1 Rh1+ 43. Kf2 1/2-1/2

[Event "RUS-chT Premier 2019"]
[Site "Sochi"]
[Date "2019.05.07"]
[Round "6.20"]
[White "Kamsky, Gata"]
[Black "Duzhakov, Ilya"]
[Result "1-0"]
[ECO "B23"]
[WhiteElo "2664"]
[BlackElo "2388"]
[Annotator "ChessBase"]
[PlyCount "87"]
[EventDate "2019.05.01"]
[EventType "team-tourn"]
[EventCountry "RUS"]
[SourceTitle "playchess.com"]
[Source "ChessBase"]
[SourceQuality "1"]
[TimeControl "40/5400+30:1800+30"]

1. e4 c5 2. Nc3 a6 3. Nf3 d6 4. Bc4 e6 5. a3 Nf6 6. Ba2 Be7 7. O-O O-O 8. d3 Nc6 9. h3 b5 10. Re1 h6 11. Ne2 Re8 12. Ng3 Bf8 13. c3 g6 14. d4 c4 15. Be3 Bb7 16. Qd2 Kh7 17. Rad1 Qc7 18. Nh2 Ne7 19. Bb1 Nfg8 20. h4 e5 21. f4 Bg7 22. Nf3 Nc6 23. fxe5 dxe5 24. d5 Nb8 25. Rf1 Bc8 26. Nh2 a5 27. a4 bxa4 28. Bc2 Ra6 29. Bxa4 Rd8 30. Bb5 Rad6 31. Qe2 Ba6 32. Bxa6 Nxa6 33. Ra1 Rc8 34. Ra4 Bf6 35. h5 Bd8 36. Ng4 Qe7 37. Qf3 Rc7 38. Rxa5 Rb7 39. Ra4 Bb6 40. Rxc4 Bxe3+ 41. Qxe3 Rxb2 42. Rc8 gxh5 43. Nf5 Qd7 44. Nxd6 1-0

[Event "RUS-chT Premier 2019"]
[Site "Sochi"]
[Date "2019.05.07"]
[Round "6.21"]
[White "Vlasenko, Miroslav"]
[Black "Timofeev, Artyom"]
[Result "0-1"]
[ECO "A50"]
[WhiteElo "2424"]
[BlackElo "2602"]
[Annotator "ChessBase"]
[PlyCount "86"]
[EventDate "2019.05.01"]
[EventType "team-tourn"]
[EventCountry "RUS"]
[SourceTitle "playchess.com"]
[Source "ChessBase"]
[SourceQuality "1"]
[TimeControl "40/5400+30:1800+30"]

1. d4 Nf6 2. c4 g6 3. f3 e6 4. e4 d5 5. Nc3 dxe4 6. fxe4 c5 7. Bg5 h6 8. Bxf6 Qxf6 9. e5 Qh4+ 10. g3 Qxd4 11. Qe2 Bg7 12. Nf3 Qd8 13. Rd1 Bd7 14. Bg2 Qe7 15. Ne4 O-O 16. O-O Be8 17. Nf6+ Kh8 18. g4 Nc6 19. g5 Rd8 20. gxh6 Bxh6 21. Qe4 Kg7 22. Rde1 Nd4 23. Nh4 Bg5 24. Qg4 Bxh4 25. Qxh4 Rh8 26. Qg5 Nf5 27. Be4 Kf8 28. Rd1 Rd4 29. h4 Bc6 30. Rxd4 cxd4 31. Bxf5 exf5 32. Qf4 Qc5 33. Rd1 Qxc4 34. Rxd4 Qe2 35. Qg3 Kg7 36. h5 Bf3 37. Rd7 Bxh5 38. Qb3 Qe1+ 39. Kg2 Qe2+ 40. Kg1 Qe1+ 41. Kg2 Bf3+ 42. Qxf3 Qh1+ 43. Kf2 Rh2+ 0-1

[Event "RUS-chT Premier 2019"]
[Site "Sochi"]
[Date "2019.05.07"]
[Round "6.22"]
[White "Faizrakhmanov, Ramil"]
[Black "Lintchevski, Daniil"]
[Result "0-1"]
[ECO "D21"]
[WhiteElo "2438"]
[BlackElo "2525"]
[Annotator "ChessBase"]
[PlyCount "80"]
[EventDate "2019.05.01"]
[EventType "team-tourn"]
[EventCountry "RUS"]
[SourceTitle "playchess.com"]
[Source "ChessBase"]
[SourceQuality "1"]
[TimeControl "40/5400+30:1800+30"]

1. d4 d5 2. c4 dxc4 3. Nf3 a6 4. e3 Nf6 5. Bxc4 e6 6. O-O b5 7. Bb3 Bb7 8. Nc3 c5 9. e4 cxd4 10. Nxd4 Nc6 11. Nxc6 Bxc6 12. Qe2 Be7 13. Bg5 Nd7 14. Bxe7 Qxe7 15. a3 O-O 16. Rfd1 Rfd8 17. Ba2 b4 18. axb4 Qxb4 19. Bc4 Nc5 20. f3 a5 21. Bb5 Bxb5 22. Qxb5 h5 23. Rxd8+ Rxd8 24. h3 Qxb5 25. Nxb5 a4 26. Nc3 Rd4 27. Rd1 Rxd1+ 28. Nxd1 Nd3 29. Kf1 Nxb2 30. Nc3 h4 31. Ke2 a3 32. Kd2 g5 33. Kc2 Nc4 34. Kd3 Ne5+ 35. Kc2 Kg7 36. Nd1 Nc4 37. Kb3 Kf6 38. Nf2 Ke5 39. Nd3+ Kd4 40. Nb4 Ne5 0-1

[Event "RUS-chT Premier 2019"]
[Site "Sochi"]
[Date "2019.05.07"]
[Round "6.23"]
[White "Levin, Evgeny A."]
[Black "Makhmutov, Rail"]
[Result "1/2-1/2"]
[ECO "D85"]
[WhiteElo "2516"]
[BlackElo "2390"]
[Annotator "ChessBase"]
[PlyCount "120"]
[EventDate "2019.05.01"]
[EventType "team-tourn"]
[EventCountry "RUS"]
[SourceTitle "playchess.com"]
[Source "ChessBase"]
[SourceQuality "1"]
[TimeControl "40/5400+30:1800+30"]

1. d4 Nf6 2. Nf3 g6 3. c4 Bg7 4. Nc3 d5 5. cxd5 Nxd5 6. e4 Nxc3 7. bxc3 c5 8. Be3 Qa5 9. Qd2 O-O 10. Rc1 Bg4 11. Ng5 cxd4 12. cxd4 Nc6 13. Qxa5 Nxa5 14. Bd3 Nc6 15. h3 Bc8 16. d5 Nd4 17. Rc4 Nb5 18. f4 e5 19. dxe6 f6 20. e7 Re8 21. Nf3 Rxe7 22. a4 Nd6 23. Rd4 Nf7 24. Kd2 Bd7 25. Bb5 Bxb5 26. axb5 Bf8 27. Rc1 Rae8 28. Kd3 Nd6 29. Rxd6 Rxe4 30. Bc5 b6 31. Rxf6 Bxc5 32. Ra1 R8e7 33. Ne5 Re3+ 34. Kd2 Kg7 35. Rc6 Rb3 36. Rc8 Rxb5 37. Kc3 a5 38. Rd1 Bb4+ 39. Kc4 Rc5+ 40. Rxc5 Bxc5 41. Kb5 h5 42. g4 h4 43. Nf3 Be3 44. Nxh4 Bxf4 45. Kxb6 a4 46. Ra1 Re3 47. Rxa4 Bg5 48. Ng2 Rxh3 49. Kc5 Rg3 50. Ne1 Be3+ 51. Kd5 Bf2 52. Nc2 Kh6 53. Rf4 Bg1 54. Nb4 Kg5 55. Re4 Rxg4 56. Rxg4+ Kxg4 57. Ke4 g5 58. Nd5 Bc5 59. Nf6+ Kh4 60. Kf5 Bd4 {[%emt 0:01:08] Ke5} 1/2-1/2

[Event "RUS-chT Premier 2019"]
[Site "Sochi"]
[Date "2019.05.07"]
[Round "6.24"]
[White "Toropov, Pavel"]
[Black "Ionov, Sergey"]
[Result "1/2-1/2"]
[ECO "C11"]
[WhiteElo "2327"]
[BlackElo "2530"]
[Annotator "ChessBase"]
[PlyCount "96"]
[EventDate "2019.05.01"]
[EventType "team-tourn"]
[EventCountry "RUS"]
[SourceTitle "playchess.com"]
[Source "ChessBase"]
[SourceQuality "1"]
[TimeControl "40/5400+30:1800+30"]

1. e4 e6 2. d4 d5 3. Nc3 Nf6 4. Bg5 dxe4 5. Nxe4 Nbd7 6. Nf3 h6 7. Nxf6+ Nxf6 8. Be3 Bd6 9. Bd3 O-O 10. Qe2 b6 11. O-O-O Nd5 12. Bd2 Nf4 13. Bxf4 Bxf4+ 14. Kb1 Bb7 15. Be4 Bxe4 16. Qxe4 Qf6 17. Rd3 Rad8 18. Rhd1 Qf5 19. Qxf5 exf5 20. c4 Rfe8 21. d5 Re2 22. g3 Bg5 23. h4 Bf6 24. R1d2 Re4 25. b3 Rde8 26. Kc2 h5 27. Nd4 f4 28. Nb5 fxg3 29. fxg3 Be5 30. d6 cxd6 31. Nxd6 Bxd6 32. Rxd6 Rg4 33. R6d3 g6 34. Rc3 Kf8 35. b4 g5 36. hxg5 Rxg5 37. Rf3 Re7 38. Kb3 Rg4 39. Rd8+ Kg7 40. Rd5 h4 41. gxh4 Rxh4 42. a4 Rc7 43. Rc3 Rh1 44. a5 Rb1+ 45. Ka4 Ra1+ 46. Kb5 bxa5 47. bxa5 Rb1+ 48. Ka6 Rc6+ 1/2-1/2

[Event "RUS-chT Premier 2019"]
[Site "Sochi"]
[Date "2019.05.07"]
[Round "6.25"]
[White "Dreev, Aleksey"]
[Black "Iljiushenok, Ilia"]
[Result "1/2-1/2"]
[ECO "A49"]
[WhiteElo "2662"]
[BlackElo "2534"]
[Annotator "ChessBase"]
[PlyCount "90"]
[EventDate "2019.05.01"]
[EventType "team-tourn"]
[EventCountry "RUS"]
[SourceTitle "playchess.com"]
[Source "ChessBase"]
[SourceQuality "1"]
[TimeControl "40/5400+30:1800+30"]

1. d4 Nf6 2. Nf3 g6 3. g3 Bg7 4. Bg2 O-O 5. O-O d6 6. b3 e5 7. dxe5 dxe5 8. Ba3 Qxd1 9. Rxd1 Re8 10. Bb2 e4 11. Ne5 Ng4 12. Nc4 Bxb2 13. Nxb2 f5 14. Nc3 Be6 15. h3 Nf6 16. Nb5 Na6 17. e3 Re7 18. Bf1 Nb4 19. Nd4 Bd7 20. Na4 b6 21. a3 Nc6 22. Nb2 Kf8 23. Kg2 Ne5 24. Nc4 c5 25. Nxe5 Rxe5 26. Ne2 Rd5 27. Nc3 Rxd1 28. Rxd1 Ke7 29. Be2 Rd8 30. a4 Be6 31. Rxd8 Kxd8 32. g4 fxg4 33. hxg4 Nxg4 34. Ba6 Bd7 35. Bb7 Nf6 36. Nxe4 Nxe4 37. Bxe4 Ke7 38. f4 Bf5 39. Bxf5 gxf5 40. c4 Kf6 41. Kg3 h6 42. Kh4 Kg6 43. Kg3 Kf6 44. Kh4 Kg6 45. Kg3 Kf6 1/2-1/2

[Event "RUS-chT Premier 2019"]
[Site "Sochi"]
[Date "2019.05.07"]
[Round "6.26"]
[White "Nozdrachev, Vladislav"]
[Black "Zvjaginsev, Vadim"]
[Result "1/2-1/2"]
[ECO "B34"]
[WhiteElo "2489"]
[BlackElo "2635"]
[Annotator "ChessBase"]
[PlyCount "81"]
[EventDate "2019.05.01"]
[EventType "team-tourn"]
[EventCountry "RUS"]
[SourceTitle "playchess.com"]
[Source "ChessBase"]
[SourceQuality "1"]
[TimeControl "40/5400+30:1800+30"]

1. e4 c5 2. Nf3 Nc6 3. d4 cxd4 4. Nxd4 g6 5. Nc3 Bg7 6. Nde2 h5 7. Nf4 Nf6 8. Bc4 e6 9. O-O O-O 10. f3 b6 11. Be3 Na5 12. Be2 d5 13. exd5 exd5 14. Nfxd5 Nxd5 15. Nxd5 Bb7 16. Nc3 Re8 17. Qxd8 Raxd8 18. Kf2 Rc8 19. Bb5 Re5 20. a4 Nc4 21. Bxc4 Rxc4 22. Rfd1 Re8 23. Rd3 Bc8 24. a5 Bf5 25. axb6 axb6 26. Rd2 Bxc3 27. bxc3 Rxc3 28. Bxb6 Rxc2 29. Rxc2 Bxc2 30. Bd4 Kh7 31. Kg3 Rd8 32. Bc3 Rc8 33. Ra3 h4+ 34. Kxh4 Rc4+ 35. Kg5 Ra4 36. Rxa4 Bxa4 37. Kf6 Bb3 38. g4 Bd1 39. Kxf7 Bxf3 40. g5 Bd1 41. h3 1/2-1/2

[Event "RUS-chT Premier 2019"]
[Site "Sochi"]
[Date "2019.05.07"]
[Round "6.27"]
[White "Kobalia, Mikhail"]
[Black "Geller, Jakov"]
[Result "1/2-1/2"]
[ECO "B47"]
[WhiteElo "2610"]
[BlackElo "2518"]
[Annotator "ChessBase"]
[PlyCount "84"]
[EventDate "2019.05.01"]
[EventType "team-tourn"]
[EventCountry "RUS"]
[SourceTitle "playchess.com"]
[Source "ChessBase"]
[SourceQuality "1"]
[TimeControl "40/5400+30:1800+30"]

1. e4 c5 2. Nf3 e6 3. d4 cxd4 4. Nxd4 Nc6 5. Nc3 Qc7 6. g3 a6 7. Bg2 Nf6 8. O-O Nxd4 9. Qxd4 Bc5 10. Bf4 d6 11. Qd2 h6 12. Rad1 e5 13. Be3 Be6 14. Bxc5 dxc5 15. f4 O-O 16. Nd5 Bxd5 17. exd5 Qd6 18. fxe5 Qxe5 19. d6 Qxb2 20. Rb1 Qxa2 21. Rxb7 Rad8 22. d7 Qe6 23. Rd1 a5 24. Bd5 Nxd5 25. Qxd5 Qe3+ 26. Kh1 c4 27. Rc7 a4 28. Rf1 Qe2 29. Qg2 Qe6 30. Rd1 a3 31. Ra7 a2 32. Qd5 c3 33. Ra4 Kh7 34. Rxa2 Rxd7 35. Qxd7 Qxa2 36. Qd3+ f5 37. Qxc3 Qa8+ 38. Kg1 Rc8 39. Qd3 Qa7+ 40. Kh1 Qb7+ 41. Qd5 Qxd5+ 42. Rxd5 Rxc2 1/2-1/2

[Event "RUS-chT Premier 2019"]
[Site "Sochi"]
[Date "2019.05.07"]
[Round "6.28"]
[White "Chernobay, Artem"]
[Black "Grachev, Boris"]
[Result "0-1"]
[ECO "B32"]
[WhiteElo "2503"]
[BlackElo "2615"]
[Annotator "ChessBase"]
[PlyCount "72"]
[EventDate "2019.05.01"]
[EventType "team-tourn"]
[EventCountry "RUS"]
[SourceTitle "playchess.com"]
[Source "ChessBase"]
[SourceQuality "1"]
[TimeControl "40/5400+30:1800+30"]

1. e4 c5 2. Nf3 Nc6 3. d4 cxd4 4. Nxd4 Qb6 5. Nb3 Nf6 6. Nc3 e6 7. a3 Qc7 8. Qf3 a6 9. Bf4 Ne5 10. Qg3 d6 11. Be2 Bd7 12. h4 h5 13. O-O-O Rc8 14. Rd4 Be7 15. Kb1 O-O 16. Bg5 Bc6 17. Rc1 Ng6 18. f3 b5 19. Rd2 Rb8 20. Na2 a5 21. c4 bxc4 22. Bxc4 Ne5 23. Bh6 Nfg4 24. fxg4 gxh6 25. gxh5+ Kh7 26. Bf1 Rg8 27. Qh3 Bxe4+ 28. Ka1 Qb6 29. Nd4 Rg4 30. g3 Rbg8 31. Rc3 Bd5 32. Nf5 exf5 33. Rxd5 Qf2 34. Bd3 Nxd3 35. Rcxd3 Rxg3 36. Rxg3 Qe1+ 0-1

[Event "RUS-chT Premier 2019"]
[Site "Sochi"]
[Date "2019.05.07"]
[Round "6.29"]
[White "Popov, Ivan"]
[Black "Ofitserian, Boris"]
[Result "1-0"]
[ECO "B23"]
[WhiteElo "2600"]
[BlackElo "2413"]
[Annotator "ChessBase"]
[PlyCount "63"]
[EventDate "2019.05.01"]
[EventType "team-tourn"]
[EventCountry "RUS"]
[SourceTitle "playchess.com"]
[Source "ChessBase"]
[SourceQuality "1"]
[TimeControl "40/5400+30:1800+30"]

1. e4 c5 2. Nc3 d6 3. d4 cxd4 4. Qxd4 Nc6 5. Qd2 g6 6. b3 Bh6 7. f4 Nf6 8. Bb2 e5 9. g3 O-O 10. O-O-O Be6 11. Kb1 a5 12. a4 Qb6 13. Bh3 Nd4 14. Bxe6 Nxe6 15. Nge2 Rfd8 16. Nd5 Nxd5 17. exd5 Nc5 18. Nc3 Qb4 19. h4 Rac8 20. h5 Bg7 21. hxg6 fxg6 22. fxe5 Bxe5 23. Rh4 Qb6 24. Nb5 Bxb2 25. Kxb2 Rf8 26. Rxh7 Nd3+ 27. Qxd3 Kxh7 28. Rh1+ Kg7 29. Nd4 Rf2 30. Qe4 Qb4 31. Qe7+ Rf7 32. Nf5+ 1-0

[Event "RUS-chT Premier 2019"]
[Site "Sochi"]
[Date "2019.05.07"]
[Round "6.30"]
[White "Nozdrachev, Leonid"]
[Black "Gordievsky, Dmitry"]
[Result "0-1"]
[ECO "D85"]
[WhiteElo "2367"]
[BlackElo "2585"]
[Annotator "ChessBase"]
[PlyCount "70"]
[EventDate "2019.05.01"]
[EventType "team-tourn"]
[EventCountry "RUS"]
[SourceTitle "playchess.com"]
[Source "ChessBase"]
[SourceQuality "1"]
[TimeControl "40/5400+30:1800+30"]

1. d4 Nf6 2. c4 g6 3. Nc3 d5 4. cxd5 Nxd5 5. e4 Nxc3 6. bxc3 Bg7 7. Nf3 O-O 8. Be2 c5 9. O-O b6 10. Bg5 Bb7 11. dxc5 Qc7 12. cxb6 axb6 13. e5 Ra5 14. Qd4 Nc6 15. Qh4 Nxe5 16. Nd4 e6 17. Be7 g5 18. Bxg5 Ng6 19. Qg4 h5 20. Qxh5 Qxc3 21. Rad1 Bxd4 22. Qg4 Qc5 23. h4 Bg7 24. Bd2 Ne5 25. Qg3 Ra3 26. Be3 Qc2 27. h5 Qxe2 28. h6 Qg4 29. hxg7 Qxg7 30. Qxg7+ Kxg7 31. Bxb6 Rxa2 32. Bc5 Rg8 33. Bd4 Kh7 34. Bxe5 Rxg2+ 35. Kh1 Rgxf2+ 0-1

[Event "RUS-chT Premier 2019"]
[Site "Sochi"]
[Date "2019.05.08"]
[Round "7.3"]
[White "Geller, Jakov"]
[Black "Pershin, Denis"]
[Result "1/2-1/2"]
[ECO "B12"]
[WhiteElo "2518"]
[BlackElo "2409"]
[Annotator "RC"]
[PlyCount "81"]
[EventDate "2019.04.30"]
[EventType "team-tourn"]
[EventCountry "RUS"]
[SourceTitle "playchess.com"]
[Source "ChessBase"]
[SourceQuality "1"]
[TimeControl "40/5400+30:1800+30"]

1. e4 c6 2. d4 d5 3. e5 Bf5 4. Nd2 e6 5. Nb3 Nd7 6. Be2 c5 7. Nxc5 Bxc5 8. dxc5 Nxc5 9. Be3 Nd7 10. f4 Ne7 11. Nf3 O-O 12. O-O Nc6 13. Bd3 Bxd3 14. cxd3 Rc8 15. Qb3 b6 16. Rac1 Qe7 17. Nd4 Nxd4 18. Bxd4 Nb8 19. Qa4 Qb7 20. Bc3 b5 21. Qd4 Nc6 22. Qe3 Ne7 23. a3 Nf5 24. Qf2 h5 25. d4 Qb6 26. Bb4 Rxc1 27. Rxc1 Rb8 28. Bc5 Qa5 29. Rc3 Qa4 30. b3 Qa5 31. Rh3 g6 32. Rd3 Rc8 33. g3 Qd8 34. Qe2 a5 35. Rd1 Rb8 36. Kf2 a4 37. b4 Kg7 38. Rg1 Qd7 39. Qd3 Rh8 40. Ke1 Kg8 41. Kd2 1/2-1/2

[Event "RUS-chT Premier 2019"]
[Site "Sochi"]
[Date "2019.05.08"]
[Round "7.4"]
[White "Shubin, Kirill"]
[Black "Chernobay, Artem"]
[Result "1/2-1/2"]
[ECO "B40"]
[WhiteElo "2404"]
[BlackElo "2503"]
[Annotator "RC"]
[PlyCount "96"]
[EventDate "2019.04.30"]
[EventType "team-tourn"]
[EventCountry "RUS"]
[SourceTitle "playchess.com"]
[Source "ChessBase"]
[SourceQuality "1"]
[TimeControl "40/5400+30:1800+30"]

1. e4 c5 2. Nf3 e6 3. g3 Nc6 4. Bg2 Nf6 5. Qe2 e5 6. O-O d6 7. c3 Be7 8. Rd1 O-O 9. d4 cxd4 10. cxd4 exd4 11. Nxd4 Bg4 12. Bf3 Nxd4 13. Rxd4 Qb6 14. Rd1 Be6 15. Be3 Qa5 16. Nc3 a6 17. Rd4 Rac8 18. Bf4 Rfd8 19. Rad1 Ne8 20. Nd5 Bxd5 21. Rxd5 Qb6 22. Bg4 Ra8 23. Be3 Qc6 24. Rc1 Qa4 25. Bb6 Rdb8 26. b3 Qa3 27. Rc4 Bd8 28. Ra5 Qxa5 29. Bxa5 Bxa5 30. Qc2 d5 31. exd5 Nd6 32. Rf4 Bb6 33. Qc3 a5 34. h4 Re8 35. h5 h6 36. Kg2 Re7 37. a4 Rae8 38. b4 Ne4 39. Qd3 Bc7 40. Rxe4 Rxe4 41. d6 Bxd6 42. Bd7 Bxb4 43. Bxe8 Rxe8 44. f4 b6 45. Qd7 Re6 46. Qc8+ Kh7 47. Qd7 Kg8 48. Kf3 Bc5 {[%emt 0:01:32] Ke4} 1/2-1/2

[Event "RUS-chT Premier 2019"]
[Site "Sochi"]
[Date "2019.05.08"]
[Round "7.5"]
[White "Bykov, Oleg"]
[Black "Saveliev, Alexei"]
[Result "1-0"]
[ECO "E35"]
[WhiteElo "2395"]
[BlackElo "2367"]
[Annotator "NA RC"]
[PlyCount "87"]
[EventDate "2019.04.30"]
[EventType "team-tourn"]
[EventCountry "RUS"]
[SourceTitle "playchess.com"]
[Source "ChessBase"]
[SourceQuality "1"]
[TimeControl "40/5400+30:1800+30"]

1. d4 Nf6 2. c4 e6 3. Nc3 Bb4 4. Qc2 d5 5. cxd5 exd5 6. Bg5 h6 7. Bh4 O-O 8. e3 Be6 9. Bd3 c6 10. Nge2 Bd6 11. Bg3 Re8 12. O-O Bxg3 13. Nxg3 Qd6 14. Rab1 Nbd7 15. b4 Rac8 16. f3 Nf8 17. Nce2 b6 18. e4 dxe4 19. fxe4 Ng4 20. Qd2 Red8 21. Rbd1 c5 22. h3 c4 23. Bc2 Ne5 24. Qc3 Nd3 25. Nh5 f6 26. a3 Nh7 27. Bxd3 cxd3 28. Qxd3 Bc4 29. Qe3 Re8 30. Rfe1 Bf7 31. Nhg3 Rc2 32. Nf5 Qc7 33. d5 Ng5 34. d6 Qd7 35. Neg3 Re5 36. h4 Ne6 37. Rc1 Ra2 38. Ne7+ Kh7 39. Ngf5 Bh5 40. Qg3 g6 41. Nd5 Qf7 42. Nd4 Ng7 43. Rc7 Qf8 44. Rf1 1-0

[Event "RUS-chT Premier 2019"]
[Site "Sochi"]
[Date "2019.05.08"]
[Round "7.6"]
[White "Timerkhanov, Alexander"]
[Black "Ofitserian, Boris"]
[Result "1/2-1/2"]
[ECO "A45"]
[WhiteElo "2366"]
[BlackElo "2413"]
[Annotator "RC"]
[PlyCount "165"]
[EventDate "2019.04.30"]
[EventType "team-tourn"]
[EventCountry "RUS"]
[SourceTitle "playchess.com"]
[Source "ChessBase"]
[SourceQuality "1"]
[TimeControl "40/5400+30:1800+30"]

1. d4 Nf6 2. Bg5 d5 3. Nd2 g6 4. Bxf6 exf6 5. g3 c6 6. e3 Bd6 7. Bg2 Be6 8. Ne2 Nd7 9. Nf4 Bxf4 10. exf4 Qb6 11. Nb3 a5 12. a4 h5 13. h3 Kf8 14. O-O h4 15. g4 f5 16. g5 Kg7 17. Re1 Rhe8 18. Qd2 Qc7 19. Nc1 c5 20. dxc5 Nxc5 21. Qc3+ Kg8 22. Nd3 Rac8 23. Ne5 Nd7 24. Qxc7 Rxc7 25. c3 Nxe5 26. Rxe5 Rd8 27. Rd1 Rc5 28. Rd4 b6 29. Re3 Rc4 30. Red3 Rd7 31. Kf1 Kf8 32. Ke2 Ke7 33. Ke3 Rxd4 34. Kxd4 Kd6 35. Re3 Rc7 36. Bf1 Bd7 37. b3 Rc5 38. Re5 Bc6 39. Be2 Kd7 40. Bd3 Kd6 41. Re1 Bd7 42. Bf1 Be6 43. Bb5 Rc8 44. Bd3 Bd7 45. Re5 Be6 46. Bb5 Rc5 47. Re3 Rc7 48. Re2 Rc8 49. Rb2 Rc7 50. Rb1 Rc8 51. Rb2 Rc7 52. b4 Bd7 53. bxa5 bxa5 54. Bd3 Bxa4 55. Ra2 Bb3 56. Rxa5 Bc4 57. Ra4 Bxd3 58. Kxd3 Rb7 59. Ra6+ Ke7 60. Ra2 Rc7 61. Ra4 Rb7 62. Kd4 Rb2 63. f3 Rh2 64. Ke5 Rxh3 65. Ra7+ Ke8 66. Kf6 Rxf3 67. Re7+ Kd8 68. Rxf7 Rxf4 69. Kxg6 Ke8 70. Kf6 Rc4 71. g6 Rc6+ 72. Kg7 Rxc3 73. Rxf5 h3 74. Kh7 Rg3 75. Rh5 Kf8 76. Rf5+ Ke7 77. Rxd5 h2 78. Rh5 Rg2 79. g7 Kf7 80. Rf5+ Ke7 81. Rh5 Kf7 82. Kh8 Rxg7 83. Rxh2 1/2-1/2

[Event "RUS-chT Premier 2019"]
[Site "Sochi"]
[Date "2019.05.08"]
[Round "7.13"]
[White "Bocharov, Ivan"]
[Black "Schekachikhin, Maksim"]
[Result "1-0"]
[ECO "B48"]
[WhiteElo "2568"]
[BlackElo "2424"]
[Annotator "RC"]
[PlyCount "65"]
[EventDate "2019.04.30"]
[EventType "team-tourn"]
[EventCountry "RUS"]
[SourceTitle "playchess.com"]
[Source "ChessBase"]
[SourceQuality "1"]
[TimeControl "40/5400+30:1800+30"]

1. e4 c5 2. Nf3 e6 3. d4 cxd4 4. Nxd4 Nc6 5. Nc3 Qc7 6. Be3 a6 7. Qf3 Ne5 8. Qg3 b5 9. O-O-O Nf6 10. a3 h5 11. h4 d6 12. Bg5 Bd7 13. f4 Neg4 14. Be2 Rc8 15. Rhe1 Be7 16. Bxg4 hxg4 17. e5 dxe5 18. fxe5 b4 19. axb4 Bxb4 20. Re3 Nd5 21. Nxd5 exd5 22. e6 Bxe6 23. Qxc7 Rxc7 24. Nxe6 fxe6 25. Rxe6+ Kf7 26. Rxa6 Re8 27. c3 Re2 28. Rd2 Re1+ 29. Kc2 Be7 30. Rxd5 Rc5 31. Rd7 Re2+ 32. Kd3 Rce5 33. Raa7 1-0